 Dungeon Crawl Stone Soup version 0.31-a0-574-g69dc8cc98e (webtiles) character file.

Game seed: 9799155440449502482

85 thirtiethelement the Slasher (level 4, -2/35 HPs)
             Began as a Demonspawn Cinder Acolyte on Aug 19, 2023.
             Was a High Priest of Ignis.
             Slain by a gnoll
             ... wielding a +0 halberd
              (7 damage)
             ... on level 2 of the Dungeon.
             The game lasted 00:03:16 (1633 turns).

thirtiethelement the Slasher (DsCA)                 Turns: 1633, Time: 00:03:16

Health: -2/35      AC:  3    Str: 14    XL:     4   Next: 25%
Magic:  1/6        EV: 11    Int: 19    God:    Ignis [*****.]
Gold:   67         SH:  0    Dex:  9    Spells: 4/6 levels left

rFire   + . .        a - -1 falchion (flame)
rCold   . . .        (no shield)
rNeg    . . .        e - +0 leather armour
rPois   .            (helmet restricted)
rElec   .            (no cloak)
rCorr   .            (no gloves)
SInv    .            (no boots)
Will    .....        (no amulet)
Stlth   +            (no ring)
HPRegen 0.25/turn    (no ring)
MPRegen 0.10/turn

%: no passive effects
@: no status effects
A: horns 1, ignite blood 1, big brain 1
a: Renounce Religion, Fiery Armour, Foxfire Swarm, Rising Flame


You were on level 2 of the Dungeon.
You worshipped Ignis.
Ignis was extremely pleased with you.
You visited 1 branch of the dungeon, and saw 2 of its levels.

You collected 67 gold pieces.

Inventory:

Hand Weapons
 a - a -1 falchion of flaming (weapon)
Armour
 e - a +0 leather armour (worn)
Scrolls
 b - a scroll of revelation {unknown}
 d - a scroll of poison {unknown}
 i - a scroll of identify {unknown}
Potions
 c - a potion of lignification {unknown}
 f - a potion of curing {unknown}
 g - a potion of haste {unknown}
 h - a potion of enlightenment {unknown}


   Skills:
 + Level 3.1 Fighting
 + Level 3.4 Long Blades
 + Level 0.2 Armour
 + Level 0.7 Dodging
 + Level 1.9 Spellcasting
 + Level 3.3 Fire Magic


You had 4 spell levels left.
You knew the following spells:

 Your Spells              Type           Power      Damage    Failure   Level
a - Scorch                Fire           28%        2d6       9%          2

Your spell library contained the following spells:

 Spells                   Type           Power      Damage    Failure   Level


Dungeon Overview and Level Annotations

Branches:
Dungeon (2/15)

Altars:


Innate Abilities, Weirdness & Mutations

You have a pair of small horns on your head.
Your demonic aura sometimes causes spilled blood to erupt in flames.
You have an unusually large brain. (Int +2)


Message History

You feel agile.
Your demonic ancestry asserts itself...
Your blood heats up.
Found a stone staircase leading down.
There is a stone staircase leading down here.
You now have 67 gold pieces (gained 6).
A gnoll comes into view. It is wielding a +0 flail.
The gnoll shouts!
You hear a shout!
A gnoll comes into view. It is wielding a +0 halberd.
The gnoll shouts!
A gnoll comes into view. It is wielding a +0 halberd.
Casting: Scorch (safe; 9% risk of failure)
Confirm with . or Enter, or press ? or * to list all spells.
Flames lash the gnoll.
The gnoll is heavily wounded.
The gnoll's fire resistance burns away.
The gnoll throws a throwing net.
The throwing net closely misses you.
Casting: Scorch (safe; 9% risk of failure)
Confirm with . or Enter, or press ? or * to list all spells.
Flames lash the gnoll.
The gnoll is moderately wounded.
The gnoll's fire resistance burns away.
A gnoll comes into view.
It is wielding a +0 flail of holy wrath.
Casting: Scorch (safe; 9% risk of failure)
Confirm with . or Enter, or press ? or * to list all spells.
Flames lash the gnoll.
The gnoll is burned terribly!
You kill the gnoll!
The gnoll hits you from afar with a +0 halberd.
The gnoll completely misses you.
The gnoll hits you from afar with a +0 halberd!
You hit the gnoll but do no damage.
The gnoll is moderately wounded.
The gnoll is no longer more vulnerable to fire.
The gnoll hits you with a +0 halberd! The gnoll barely misses you.
The gnoll hits you from afar with a +0 halberd!
* * * LOW HITPOINT WARNING * * *
The gnoll puts on a burst of speed as it pursues you!
The gnoll misses you.
There is a stone staircase leading down here.
The gnoll hits you from afar with a +0 halberd!
You die...

.#.#......# # .#.#....(.#.##
#.### .#'#.......... ....#
............# #.#.#
....##.##########.#.#
....+...........#.#.#
....##.########.#.#.#
#..###............#.#######
###
................@.g........ ..
#........#.#..#..##.####### .#
.........#.#..#..##.########.#
.........#.#..#..##....gg..(.#
##.......#.#..#..##########..#
###.....#.#..#..# #..#
#.##..#.#..#..# #)g# #.
#.......#..# #..# #..# ...#


You could see a gnoll (pursuing).

Vanquished Creatures
  Jessica (D:2)
  2 adders (D:2)
  A gnoll (D:2)
  2 dart slugs (D:1)
  6 ball pythons (D:1)
  3 endoplasms (D:1)
  2 giant cockroaches (D:1)
  3 hobgoblins (D:1)
  2 quokkas (D:1)
  3 bats
  2 kobolds (D:1)
  2 rats
29 creatures vanquished.

Notes
Turn   | Place    | Note
-------+----------+-------------------------------------------
     0 | D:1      | thirtiethelement the Demonspawn Cinder Acolyte began the
                  | quest for the Orb.
     0 | D:1      | Reached XP level 1. HP: 18/18 MP: 2/2
   224 | D:1      | Gained mutation: You have a pair of small horns on your
                  | head. [demonic ancestry]
   224 | D:1      | Reached XP level 2. HP: 21/24 MP: 3/3
   227 | D:1      | Learned a level 2 spell: Scorch
   948 | D:1      | Gained mutation: You have an unusually large brain. (Int
                  | +2) [demonic ancestry]
   948 | D:1      | Reached XP level 3. HP: 19/29 MP: 1/4
  1085 | D:1      | Found a faded altar of an unknown god.
  1335 | D:2      | Noticed Jessica
  1340 | D:2      | Killed Jessica
  1554 | D:2      | Gained mutation: Your demonic aura sometimes causes spilled
                  | blood to erupt in flames. [demonic ancestry]
  1554 | D:2      | Reached XP level 4. HP: 35/35 MP: 3/6
  1620 | D:2      | HP: 1/35 [gnoll/+0 halberd (12)]
  1633 | D:2      | Slain by a gnoll

Illustrated notes

Levels and vault maps discovered:
D:1:      wander_arrival_estate, layout_basic,
          dreamdust_ecumenical_altar_angels_and_demons
D:2:      layout_basic, uniq_jessica

Skill      XL: |  1  2 |
---------------+-------+-----
Fire Magic     | 3 |  3.3
Long Blades    | 3 |  3.4
Fighting       | |  3.1
Armour         | |  0.2
Dodging        | |  0.7
Spellcasting   | |  1.9

Action                     |  1- 3 |  4- 6 || total
---------------------------+-------+-------++-------
  Melee: Falchion          |    42 |     1 ||    43
         Punch             |     1 |       ||     1
         Headbutt          |     6 |       ||     6
   Cast: Scorch            |    18 |     3 ||    21
 Armour: Robe              |     3 |       ||     3
         Leather armour    |     8 |       ||     8
  Dodge: Dodged            |    18 |     4 ||    22

Table legend: (Time is in decaauts)
 A = Elapsed time spent in this place.
 B = Non-inter-level travel time spent in this place.
 C = Inter-level travel time spent in this place.
 D = Time resting spent in this place.
 E = Time spent auto-exploring this place.
 F = Levels seen in this place.
 G = Mean time per level.
                   A        B        C        D        E       F      G
               +--------+--------+--------+--------+--------+-----+--------+
         Total |   1639 |   1635 |      4 |      0 |   1445 |   2 |  819.5 |
       Dungeon |   1639 |   1635 |      4 |      0 |   1445 |   2 |  819.5 |
               +--------+--------+--------+--------+--------+-----+--------+

Top non-repeatable levels by time:
     D:1: 1150 daAuts
     D:2: 488 daAuts
